EL
SAN JOSE GIANTS @ ALTOONA CURVE
08/04/2045
 
TOP OF THE 1ST
San Jose Giants batting - Pitching for Altoona Curve : LHP Ryan Rakoff
Pitching: LHP Ryan Rakoff
Batting: LHB Josh Straub 0-0: Foul Ball, location: 2F
0-1: SINGLE (Groundball, 3S, EV 68.8 MPH) (infield hit)
Batting: LHB Tony Galvan 0-0: Called Strike
0-1: SINGLE (Groundball, 4MD, EV 95.0 MPH)
Josh Straub to second
Runner from 2nd tries for 3rd, OUT! 8-5
Batting: RHB Chris King 0-0: Ball
1-0: Ball
Tony Galvan is caught stealing 2nd base 2-4
2-0: Called Strike
2-1: Called Strike
2-2: Foul Ball, location: 2F
2-2: Ground out 6-3 (Groundball, 6, EV 77.5 MPH)
Top of the 1st over - 0 runs, 2 hits, 0 errors, 0 left on base; San Jose 0 - Altoona 0
BOTTOM OF THE 1ST
Altoona Curve batting - Pitching for San Jose Giants : LHP Chong-yeol Wong
Pitching: LHP Chong-yeol Wong
Batting: RHB Ron Corn 0-0: Ball
1-0: Foul Ball, location: 2F
1-1: Ball
2-1: Swinging Strike
2-2: Strikes out swinging
Batting: RHB John Goynes 0-0: Foul Ball, location: 2F
0-1: Ball
1-1: Foul Ball, location: 2F
1-2: Ball
2-2: Ground out 5-3 (Groundball, 56, EV 100.6 MPH)
Batting: LHB Micah Boshnjaku 0-0: Called Strike
0-1: Ball
1-1: Foul Ball, location: 2F
1-2: Fly out, F7 (Line Drive, 7, EV 98.1 MPH)
Bottom of the 1st over - 0 runs, 0 hits, 0 errors, 0 left on base; San Jose 0 - Altoona 0
TOP OF THE 2ND
San Jose Giants batting - Pitching for Altoona Curve : LHP Ryan Rakoff
Batting: RHB Matt Fenimore 0-0: Ball
1-0: Ball
2-0: DOUBLE (Line Drive, 5D, EV 96.9 MPH)
Batting: RHB Bill Defazio 0-0: Swinging Strike
0-1: Ball
1-1: Swinging Strike
1-2: Ball
2-2: Ball
3-2: Base on Balls
Batting: LHB Juan Gonzalez 0-0: Swinging Strike
0-1: Fielders Choice at 2nd, 6-4 (Groundball, 6, EV 105.6 MPH)
Matt Fenimore to third
Batting: RHB Mike Jones 0-0: Called Strike
0-1: Fly out, F8 (Flyball, 89M, EV 91.9 MPH)
Runner from 3rd tags up, SCORES, throw by CF
Batting: LHB Fred Arends 0-0: Foul Ball, location: 2F
0-1: Swinging Strike
0-2: Foul Ball, location: 2F
0-2: Ball
1-2: Foul Ball, location: 2F
1-2: Foul Ball, location: 2F
1-2: Ball
2-2: Strikes out swinging
Top of the 2nd over - 1 run, 1 hit, 0 errors, 1 left on base; San Jose 1 - Altoona 0
BOTTOM OF THE 2ND
Altoona Curve batting - Pitching for San Jose Giants : LHP Chong-yeol Wong
Batting: RHB Jeremy Boerman 0-0: Ball
1-0: Fly out, F3 (Popup, 3SF, EV 77.5 MPH)
Batting: RHB Killian Jones 0-0: Called Strike
0-1: Ball
1-1: Ball
2-1: SINGLE (Groundball, 5D, EV 103.8 MPH)
Batting: RHB Nelson Ozuna 0-0: Called Strike
0-1: Ball
1-1: Grounds into double play, 4-6-3 (Groundball, 4, EV 104.4 MPH)
Bottom of the 2nd over - 0 runs, 1 hit, 0 errors, 0 left on base; San Jose 1 - Altoona 0
TOP OF THE 3RD
San Jose Giants batting - Pitching for Altoona Curve : LHP Ryan Rakoff
Batting: RHB Doug Kennie 0-0: Ball
1-0: Ball
2-0: SINGLE (Flyball, 3D, EV 93.1 MPH)
Batting: LHB Josh Straub 0-0: Called Strike
0-1: SINGLE (Groundball, 6D, EV 95.6 MPH)
Doug Kennie to second
Batting: LHB Tony Galvan 0-0: Swinging Strike
0-1: Foul Ball, location: 2F
0-2: Fly out, F9 (Flyball, 89M, EV 79.4 MPH)
Batting: RHB Chris King 0-0: Called Strike
0-1: Ball
1-1: TRIPLE (Line Drive, 78XD, EV 108.8 MPH)
Doug Kennie scores
Josh Straub scores
Batting: RHB Matt Fenimore 0-0: Called Strike
0-1: Fly out, F7 (Flyball, 7LD, EV 91.2 MPH)
Runner from 3rd tags up, SCORES, no throw by LF
Batting: RHB Bill Defazio 0-0: Foul Ball, location: 2F
0-1: Ball
1-1: Called Strike
1-2: Strikes out swinging
Top of the 3rd over - 3 runs, 3 hits, 0 errors, 0 left on base; San Jose 4 - Altoona 0
BOTTOM OF THE 3RD
Altoona Curve batting - Pitching for San Jose Giants : LHP Chong-yeol Wong
Batting: RHB Keiji Nakajima 0-0: SINGLE (Groundball, 56S, EV 65.6 MPH) (infield hit)
Batting: RHB Brian Moore 0-0: SINGLE (Groundball, 34D, EV 102.5 MPH)
Keiji Nakajima to second
Runner from 2nd tries for 3rd, SAFE, throw by RF made to third
Batting: LHB Jesse Henly 0-0: Fly out, F7 (Line Drive, 7, EV 94.4 MPH)
Runner from 3rd tags up, SCORES, no throw by LF
Batting: RHB Ron Corn 0-0: Ball
1-0: Fly out, F9 (Flyball, 9S, EV 86.2 MPH)
Batting: RHB John Goynes 0-0: Called Strike
0-1: Ball
1-1: Called Strike
1-2: Fielders Choice at 2nd, 5-4 (Groundball, 56, EV 83.8 MPH)
Bottom of the 3rd over - 1 run, 2 hits, 0 errors, 1 left on base; San Jose 4 - Altoona 1
TOP OF THE 4TH
San Jose Giants batting - Pitching for Altoona Curve : LHP Ryan Rakoff
Batting: LHB Juan Gonzalez 0-0: Ball
1-0: Foul Ball, location: 2F
1-1: Ball
2-1: Foul Ball, location: 2F
2-2: Ball
3-2: SINGLE (Flyball, 78M, EV 93.8 MPH)
Batting: RHB Mike Jones 0-0: Ball
1-0: Ball
2-0: Called Strike
2-1: Foul Ball, location: 2F
2-2: Foul Ball, location: 2F
2-2: SINGLE (Groundball, 56D, EV 101.9 MPH)
Juan Gonzalez to second
Batting: LHB Fred Arends 0-0: Called Strike
0-1: Called Strike
0-2: Strikes out swinging
Batting: RHB Doug Kennie 0-0: Swinging Strike
0-1: Ground out 5-3 (Groundball, 56S, EV 70.0 MPH)
Juan Gonzalez to third
Mike Jones to second
Batting: LHB Josh Straub 0-0: Ground out 4-3 (Groundball, 4, EV 103.8 MPH)
Top of the 4th over - 0 runs, 2 hits, 0 errors, 2 left on base; San Jose 4 - Altoona 1
BOTTOM OF THE 4TH
Altoona Curve batting - Pitching for San Jose Giants : LHP Chong-yeol Wong
Batting: LHB Micah Boshnjaku 0-0: Ball
1-0: Ball
2-0: Ball
3-0: Called Strike
3-1: Base on Balls
Batting: RHB Jeremy Boerman 0-0: Ball
1-0: Swinging Strike
1-1: Fielders Choice at 2nd, 6-4 (Groundball, 6, EV 98.1 MPH)
Batting: RHB Killian Jones 0-0: Ball
1-0: Foul Ball, location: 2F
1-1: Ball
2-1: SINGLE (Groundball, 6MD, EV 105.6 MPH)
Jeremy Boerman to second
Runner from 2nd tries for 3rd, SAFE, throw by CF made to third
Batting: RHB Nelson Ozuna 0-0: Called Strike
0-1: Ball
1-1: Reached on error, E5 (Groundball, 56S, EV 78.1 MPH)
Jeremy Boerman scores
Killian Jones to second
Batting: RHB Keiji Nakajima 0-0: Ball
1-0: Called Strike
1-1: Foul Ball, location: 2F
1-2: Strikes out swinging
Batting: RHB Brian Moore 0-0: Called Strike
0-1: Ball
1-1: DOUBLE (Groundball, 5D, EV 101.2 MPH)
Killian Jones scores
Nelson Ozuna to third
Runner from 3rd tries for Home, SAFE, throw by LF to trailing runner, SAFE at third!
Batting: LHB Jesse Henly 0-0: Ball
1-0: Swinging Strike
1-1: Swinging Strike
1-2: Strikes out swinging
Bottom of the 4th over - 3 runs, 2 hits, 1 error, 1 left on base; San Jose 4 - Altoona 4
TOP OF THE 5TH
San Jose Giants batting - Pitching for Altoona Curve : LHP Ryan Rakoff
Batting: LHB Tony Galvan 0-0: Called Strike
0-1: Ball
1-1: Ball
2-1: Fly out, F8 (Line Drive, 8RD, EV 90.6 MPH)
Batting: RHB Chris King 0-0: Swinging Strike
0-1: Called Strike
0-2: Foul Ball, location: 2F
0-2: Ground out 6-3 (Groundball, 6, EV 88.1 MPH)
Batting: RHB Matt Fenimore 0-0: Ball
1-0: Ball
2-0: Foul Ball, location: 2F
2-1: Ball
3-1: SINGLE (Line Drive, 9S, EV 97.5 MPH)
Batting: RHB Bill Defazio 0-0: Ground out 5-3 (Groundball, 25, EV 90.6 MPH)
Top of the 5th over - 0 runs, 1 hit, 0 errors, 1 left on base; San Jose 4 - Altoona 4
BOTTOM OF THE 5TH
Altoona Curve batting - Pitching for San Jose Giants : LHP Chong-yeol Wong
Batting: RHB Ron Corn 0-0: Ball
1-0: Ball
2-0: Ball
3-0: Base on Balls
Batting: RHB John Goynes 0-0: Ball
1-0: Ball
2-0: Ball
3-0: Base on Balls
Ron Corn to second
Batting: LHB Micah Boshnjaku 0-0: Called Strike
0-1: Ball
1-1: Foul Ball, location: 2F
1-2: Ball
2-2: Strikes out looking
Batting: RHB Jeremy Boerman 0-0: Swinging Strike
0-1: Called Strike
0-2: SINGLE (Flyball, 7S, EV 92.5 MPH)
Ron Corn to third
John Goynes to second
Runner from 3rd tries for Home, SAFE, throw by LF to home
Pitching: RHP Yugo Kobayashi
Batting: RHB Killian Jones 0-0: Called Strike
0-1: Swinging Strike
0-2: Foul Ball, location: 2F
0-2: Strikes out swinging
Batting: RHB Nelson Ozuna 0-0: Ball
1-0: Ball
2-0: Fly out, F7 (Line Drive, 7, EV 94.4 MPH)
Bottom of the 5th over - 1 run, 1 hit, 0 errors, 2 left on base; San Jose 4 - Altoona 5
TOP OF THE 6TH
San Jose Giants batting - Pitching for Altoona Curve : LHP Ryan Rakoff
Batting: LHB Juan Gonzalez 0-0: Foul Ball, location: 2F
0-1: Called Strike
0-2: Ball
1-2: Ball
2-2: Strikes out swinging
Batting: RHB Mike Jones 0-0: Swinging Strike
0-1: Called Strike
0-2: Strikes out swinging
Batting: LHB Fred Arends 0-0: Called Strike
0-1: Foul Ball, location: 2F
0-2: Ball
1-2: Fly out, F9 (Flyball, 9D, EV 106.9 MPH)
Top of the 6th over - 0 runs, 0 hits, 0 errors, 0 left on base; San Jose 4 - Altoona 5
BOTTOM OF THE 6TH
Altoona Curve batting - Pitching for San Jose Giants : RHP Yugo Kobayashi
Batting: RHB Keiji Nakajima 0-0: Foul Ball, location: 2F
0-1: Ball
1-1: Reached on error, E4 (Groundball, 4S, EV 83.1 MPH)
Batting: RHB Brian Moore 0-0: Called Strike
0-1: Ball
1-1: Ball
2-1: Ground out 3-1 (Groundball, 13, EV 83.8 MPH)
Keiji Nakajima to third
Batting: LHB Jesse Henly 0-0: Fly out, F7 (Flyball, 7, EV 86.2 MPH)
Batting: RHB Ron Corn 0-0: Called Strike
0-1: Fly out, F8 (Flyball, 8LS, EV 93.8 MPH)
Bottom of the 6th over - 0 runs, 0 hits, 1 error, 1 left on base; San Jose 4 - Altoona 5
TOP OF THE 7TH
San Jose Giants batting - Pitching for Altoona Curve : LHP Ryan Rakoff
Batting: RHB Doug Kennie 0-0: Ball
1-0: Ball
2-0: Swinging Strike
2-1: Ball
3-1: Foul Ball, location: 2F
3-2: Foul Ball, location: 2F
3-2: DOUBLE (Line Drive, 89D, EV 100.0 MPH)
Pitching: RHP Joel Olausson
Batting: LHB Josh Straub 0-0: Ball
1-0: Bunted foul
1-1: Bunted foul
1-2: Ball
2-2: SINGLE (Line Drive, 78M, EV 84.4 MPH)
Doug Kennie to third
Batting: LHB Tony Galvan 0-0: Ball
Josh Straub steals 2nd base
1-0: Swinging Strike
1-1: Foul Ball, location: 2F
1-2: Strikes out swinging
Batting: RHB Chris King 0-0: Swinging Strike
0-1: Foul Ball, location: 2F
0-2: Strikes out swinging
Batting: RHB Matt Fenimore 0-0: Ball
1-0: Foul Ball, location: 2F
1-1: Ball
2-1: Foul Ball, location: 2F
2-2: Fly out, F8 (Flyball, 8RXD, EV 110.6 MPH)
Top of the 7th over - 0 runs, 2 hits, 0 errors, 2 left on base; San Jose 4 - Altoona 5
BOTTOM OF THE 7TH
Altoona Curve batting - Pitching for San Jose Giants : RHP Yugo Kobayashi
Pitching: RHP Evan Boy
Batting: RHB John Goynes 0-0: Called Strike
0-1: Swinging Strike
0-2: Strikes out swinging
Batting: LHB Micah Boshnjaku 0-0: Foul Ball, location: 2F
0-1: Ball
1-1: Foul Ball, location: 2F
1-2: Ball
2-2: Ball
3-2: Strikes out swinging
Batting: RHB Jeremy Boerman 0-0: Ball
1-0: Ground out 1-3 (Groundball, 34S, EV 74.4 MPH)
Bottom of the 7th over - 0 runs, 0 hits, 0 errors, 0 left on base; San Jose 4 - Altoona 5
TOP OF THE 8TH
San Jose Giants batting - Pitching for Altoona Curve : RHP Joel Olausson
Batting: RHB Bill Defazio 0-0: Called Strike
0-1: Called Strike
0-2: Ball
1-2: Strikes out swinging, 2-3 out at first.
Batting: LHB Juan Gonzalez 0-0: Called Strike
0-1: Ball
1-1: Ball
2-1: Ball
3-1: Swinging Strike
3-2: Base on Balls
Batting: RHB Mike Jones 0-0: Ball
1-0: Foul Ball, location: 2F
1-1: Ball
2-1: Foul Ball, location: 2F
2-2: Grounds into double play, 4-6-3 (Groundball, 34S, EV 78.8 MPH)
Top of the 8th over - 0 runs, 0 hits, 0 errors, 0 left on base; San Jose 4 - Altoona 5
BOTTOM OF THE 8TH
Altoona Curve batting - Pitching for San Jose Giants : RHP Evan Boy
Batting: RHB Killian Jones 0-0: Foul Ball, location: 2F
0-1: Ball
1-1: Ball
2-1: Foul Ball, location: 2F
2-2: Foul Ball, location: 2F
2-2: Strikes out swinging
Batting: RHB Nelson Ozuna 0-0: Ball
1-0: Ball
2-0: Called Strike
2-1: SINGLE (Groundball, 56D, EV 103.1 MPH)
Batting: RHB Keiji Nakajima 0-0: Called Strike
0-1: Ball
1-1: Ball
Wild Pitch!
Nelson Ozuna to second
2-1: Fly out, F8 (Line Drive, 8RD, EV 103.8 MPH)
Batting: RHB Brian Moore 0-0: SINGLE (Groundball, 6MD, EV 106.9 MPH)
Nelson Ozuna to third
Runner from 3rd tries for Home, SAFE, throw by CF to home
Batting: LHB Jesse Henly 0-0: Ball
1-0: Fly out, F5 (Popup, 5, EV 71.2 MPH)
Bottom of the 8th over - 1 run, 2 hits, 0 errors, 1 left on base; San Jose 4 - Altoona 6
TOP OF THE 9TH
San Jose Giants batting - Pitching for Altoona Curve : RHP Joel Olausson
Pitching: RHP Hugo Rodriguez
Batting: LHB Fred Arends 0-0: Called Strike
0-1: DOUBLE (Line Drive, 8LXD, EV 102.5 MPH)
Batting: RHB Doug Kennie 0-0: Ball
1-0: Called Strike
1-1: Ball
2-1: Called Strike
2-2: Strikes out looking
Batting: LHB Josh Straub 0-0: Foul Ball, location: 2F
0-1: Foul Ball, location: 2F
0-2: Foul Ball, location: 2F
0-2: Foul Ball, location: 2F
0-2: Foul Ball, location: 2F
0-2: Ball
1-2: Fly out, F4 (Flyball, 34D, EV 86.2 MPH)
Batting: LHB Tony Galvan 0-0: Ball
1-0: Foul Ball, location: 2F
1-1: Swinging Strike
Passed Ball!
Fred Arends to third
1-2: Foul Ball, location: 2F
1-2: Ball
2-2: Foul Ball, location: 2F
2-2: Ball
3-2: Ground out 2-3 (Groundball, 2R, EV 76.2 MPH)
Top of the 9th over - 0 runs, 1 hit, 0 errors, 1 left on base; San Jose 4 - Altoona 6
Wednesday, June 22nd , 2022 - OOTP Baseball 23.4 Build 64